 Dungeon Crawl Stone Soup version 0.27-a0-34-gc18c9092ac (webtiles) character file.

Game seed: 9987674527363323823

61 Goblin1989 the Sneak (level 4, -1/23 HPs)
             Began as a Vine Stalker Brigand on Jan 5, 2021.
             Slain by an adder (4 damage)
             ... on level 2 of the Dungeon.
             The game lasted 00:02:18 (1176 turns).

Goblin1989 the Sneak (Vine Stalker Brigand)         Turns: 1176, Time: 00:02:18

Health: -1/23      AC:  3    Str: 14    XL:     4   Next: 7%
Magic:  0/5        EV: 11    Int: 11    God:
Gold:   107        SH:  0    Dex: 16    Spells: 3/3 levels left

rFire    . . .     SeeInvis .   a - +2 dagger
rCold    . . .     Faith    .   (no shield)
rNeg     . . .     Spirit   +   b - +0 robe
rPois    .         Reflect  .   (no helmet)
rElec    .         Harm     .   c - +0 cloak
rCorr    .         Rampage  .   (no gloves)
Will     .....                  (no boots)
Stlth    +++.......             (no amulet)
HPRegen  0.47/turn              (no ring)
MPRegen  0.09/turn              (no ring)

@: lethally poisoned (-1 -> -8)
A: fangs 2, regeneration 1, magic shield, antimagic bite, no potion heal 3
a: no special abilities


You were on level 2 of the Dungeon.
You visited 1 branch of the dungeon, and saw 2 of its levels.

You collected 107 gold pieces.

Inventory:

Hand Weapons
 a - a +2 dagger (weapon)
Missiles
 d - 8 poisoned darts (quivered)
Armour
 b - a +0 robe (worn)
 c - a +0 cloak (worn)
Scrolls
 f - 2 scrolls of teleportation {unknown}
 h - 2 scrolls of identify {unknown}
 i - 2 scrolls of blinking {unknown}
 k - a scroll of random uselessness {unknown}
 m - a scroll of immolation {unknown}
 n - a scroll of enchant weapon {unknown}
 o - a scroll of remove curse {unknown}
 p - a scroll of noise {unknown}
Potions
 g - a potion of lignification {unknown}
 j - a potion of might {unknown}
 l - a potion of heal wounds {unknown}


   Skills:
 - Level 1.7 Fighting
 * Level 3.3 Short Blades
 - Level 1.7 Throwing
 - Level 0.7 Dodging
 + Level 5.6 Stealth


You had 3 spell levels left.
You didn't know any spells.
Your spell library was empty.

Dungeon Overview and Level Annotations

Branches:
Dungeon (1/15)

Altars:
Kikubaaqudgha
Makhleb
Okawaru
Qazlal
Yredelemnul
Zin


Innate Abilities, Weirdness & Mutations

You have extremely sharp teeth.
Your natural rate of healing is unusually fast.
When hurt, damage is shared between your health and your magic reserves.
Your bite disrupts and absorbs the magic of your enemies.
Potions cannot restore your health.


Message History

A quokka is nearby!
A rat comes into view.
The rat bites you but does no damage.
You hit the rat.
You kill the rat!
You have reached level 4!
You feel stronger.
You begin to heal more quickly.
You barely miss the quokka. Your bite misses the quokka.
The quokka barely misses you.
You closely miss the quokka. The quokka closely misses you.
You barely miss the quokka. The quokka closely misses you.
You barely miss the quokka. The quokka bites you.
You closely miss the quokka. The quokka bites you.
You hit the quokka. Your bite misses the quokka.
The quokka is severely wounded.
The quokka closely misses you.
You completely miss the quokka. Your bite misses the quokka.
The quokka is severely wounded.
The quokka closely misses you.
You closely miss the quokka. You bite the quokka.
You kill the quokka!
No target in view!
No target in view!
No target in view!
No target in view!
No target in view!
p - a scroll labelled IROIDDON VOAN A frilled lizard, an adder, a quokka and a kobold come into view.
Found 24 arrows.
Health restored: 23; MP restored: 5 The kobold shouts!
The frilled lizard hisses angrily.
The adder hisses angrily.
The adder bites you. The adder bites you but does no damage.
Found a bubbling green potion.
You take 2 damage, and have 21/23 hp.
You closely miss the adder. Your bite misses the adder. The adder bites you.
You take 1 damage, and have 20/23 hp.
You hit the adder. Your bite misses the adder.
The adder is moderately wounded.
The frilled lizard barely misses you. The adder bites you but does no damage.
You barely miss the adder. Your bite misses the adder.
The adder is moderately wounded.
The adder bites you.
You are poisoned.
The adder poisons you! The frilled lizard closely misses you.
You take 1 damage, and have 19/23 hp.
You closely miss the adder. Your bite misses the adder.
The adder is moderately wounded.
You feel sick. The adder bites you.
You take 4 damage, and have 15/23 hp.
You now have 4/5 mp.
You barely miss the adder. You bite the adder, but do no damage.
The adder is moderately wounded.
The frilled lizard bites you. The adder bites you.
* * * LOW HITPOINT WARNING * * *
You take 5 damage, and have 10/23 hp.
MASSIVE DAMAGE!!
You now have 3/5 mp.
You are too injured to fight recklessly!
You are too injured to fight recklessly!
You are too injured to fight recklessly!
You are too injured to fight recklessly!
You feel sick.
The frilled lizard bites you but does no damage.
The adder barely misses you.
You feel sick.
The frilled lizard bites you but does no damage.
You take 1 damage, and have 10/23 hp.
Throw: 2 darts (curare)
Press: ? - help, Q - select action, (/) - cycle Shift-Dir - straight line, f - adder
Aim: an adder (moderately wounded)
You throw a curare-tipped dart.
The curare-tipped dart closely misses the adder.
The curare-tipped dart hits the quokka.
The quokka is poisoned.
The quokka convulses.
You kill the quokka!
The adder bites you.
* * * LOW HITPOINT WARNING * * *
You are more poisoned.
The adder poisons you! The adder bites you.
* * * LOW HITPOINT WARNING * * *
You are more poisoned.
The adder poisons you!
You take 6 damage, and have 5/23 hp.
MASSIVE DAMAGE!!
You now have 1/5 mp.
Throw: dart (curare)
Press: ? - help, Q - select action, (/) - cycle Shift-Dir - straight line, f/p - adder
Aim: an adder (moderately wounded)
You throw a curare-tipped dart.
The curare-tipped dart barely misses the adder.
The curare-tipped dart hits the kobold.
The kobold is poisoned.
The kobold convulses.
You kill the kobold!
You feel sick. The adder bites you.
* * * LOW HITPOINT WARNING * * *
You are lethally poisoned!
The adder poisons you!
You take 1 damage, and have 4/23 hp.
You now have 0/5 mp.
Unknown command.
You hit the adder. Your bite misses the adder.
The adder is heavily wounded.
* * * LOW HITPOINT WARNING * * *
You feel sick. The adder bites you.
You die...

≈.≈≈>8≈█§.........████████.█.███.
...§≈≈≈§§..███..†..........█.....
.≈≈≈§███...████████████████████.█
..≈≈≈§......██..███...█.(█..█(█.█
...≈§§..........█.███...██.██.█.█
...§≈≈.......█.█..█.███....█..█.█
....§........█∆█.█..█.███....██.█
████████...███.███.█..█.███...█.█
█...█ █..@███.█[.█.███.█.. █...█
███.Sl███.█..█.█∆█.█ █...█
█!███(..███......█.█ █...█
█...██..██.█..█.██.█ █)..█
█....██.█..█.███.█ █...█
██..██.█..█.██.█.█ █...█
....██.█..█.██..█.█ █...█
██..██.█..█.██).██.. █...█
█(.██.█..█.██....█..


You could see an adder and a frilled lizard.

Vanquished Creatures
  3 adders (D:2)
  A worm (D:2)
  A leopard gecko (D:2)
  A bat (D:2)
  5 goblins
  6 hobgoblins (D:2)
  2 quokkas (D:2)
  2 ball pythons
  2 frilled lizards (D:2)
  4 kobolds
  3 rats (D:2)
30 creatures vanquished.

Notes
Turn   | Place    | Note
-------+----------+-------------------------------------------
     0 | D:1      | Goblin1989 the Vine Stalker Brigand began the quest for the
                  | Orb.
     0 | D:1      | Reached XP level 1. HP: 11/11 MP: 2/2
   112 | D:1      | You fall into a shaft and drop 1 floor!
   114 | D:2      | Found an ancient bone altar of Kikubaaqudgha.
   171 | D:2      | Reached skill level 5 in Stealth
   237 | D:2      | Reached XP level 2. HP: 15/15 MP: 3/3
   269 | D:2      | Found a basalt altar of Yredelemnul.
   280 | D:2      | Found a burning altar of Makhleb.
   286 | D:2      | Found a glowing silver altar of Zin.
   289 | D:2      | Found an iron altar of Okawaru.
   442 | D:2      | Reached XP level 3. HP: 17/18 MP: 4/4
   503 | D:2      | Found a stormy altar of Qazlal.
  1129 | D:2      | Gained mutation: Your natural rate of healing is unusually
                  | fast. [Vine Stalker growth]
  1129 | D:2      | Reached XP level 4. HP: 23/23 MP: 5/5
  1176 | D:2      | Slain by an adder

Illustrated notes

Levels and vault maps discovered:
D:1:      nzn_arrival_depleted_hourglass, layout_rooms
D:2:      minmay_razor_zed, layout_basic, kiku_gazebo_garden_becter,
          grunt_temple_overflow_cloverleaf, nicolae_qazlal_general_emergency

Skill      XL: |  1  2  3 |
---------------+----------+-----
Short Blades   | 2 3 |  3.3
Stealth        | 5 |  5.6
Fighting       | |  1.7
Throwing       | |  1.7
Dodging        | |  0.7

Action                   |  1- 3 |  4- 6 || total
-------------------------+-------+-------++-------
Melee: Dagger            |    49 |    14 ||    63
       Bite              |     9 |     2 ||    11
Throw: Dart              |       |     2 ||     2
 Stab: Sleeping          |    15 |       ||    15
Armor: Robe              |    10 |     4 ||    14
Dodge: Dodged            |    26 |     8 ||    34

Table legend: (Time is in decaauts)
 A = Elapsed time spent in this place.
 B = Non-inter-level travel time spent in this place.
 C = Inter-level travel time spent in this place.
 D = Time resting spent in this place.
 E = Time spent auto-exploring this place.
 F = Levels seen in this place.
 G = Mean time per level.
                   A        B        C        D        E       F      G
               +--------+--------+--------+--------+--------+-----+--------+
         Total |   1166 |   1166 |      0 |      0 |    946 |   2 |  583.0 |
       Dungeon |   1166 |   1166 |      0 |      0 |    946 |   2 |  583.0 |
               +--------+--------+--------+--------+--------+-----+--------+

Top non-repeatable levels by time:
     D:2: 1055 daAuts
     D:1: 111 daAuts
